AoeStats
← Trace9226

Arabia

503407048Analyzed
1v1 RM · 1mo ago on Aug 31, 2026· 30m 33s· 2 players
Game mode
Random Map
Map size
Tiny (2 player)
Population
200
Speed
Normal
Resources
Standard
Victory
Conquest
Starting age
Dark Age
Ending age
Imperial Age
RankedLock teamsTeams togetherTeam positionsShared explorationLock speedFull tech treeHidden civsTurbo modeCheats
Victory
Defeat
🇫🇷 Inca · France
1001
+15
🇨🇿 Sicilians · Czechia
977
-15
Trace9226
6:24 Loom
7:03 Loom
9:30 Feudal Age
12:08 Horse Collar
12:24 Double-Bit Axe
21:27 Castle Age
21:18 Wheelbarrow
21:07 Scale Mail Armor
21:20 Forging
23:59 Chain Mail Armor
24:20 Iron Casting
rooklyne42
9:23 Feudal Age
9:49 Horse Collar
9:57 Double-Bit Axe
9:52 Horse Collar
9:59 Horse Collar
12:36 Gold Mining
13:53 Loom
19:12 Champi Runner
22:01 Castle Age
19:48 Town Watch
21:46 Forging
21:36 Scale Mail Armor
22:21 Arson
22:10 Champi Warrior
22:51 Squires
23:45 Iron Casting
23:25 Chain Mail Armor
24:50 Bow Saw
25:06 Heavy Plow
29:55 Gold Shaft Mining
Connection lost

Rejoining the realm…

Still unreachable

The connection could not be restored.

Session expired

The server has moved on; the page needs a fresh start.